AoeStats
← VL nightsyrc

Oasis

510027023Analyzed
3v3 RM · 2d ago on Sep 29, 2026· 19m 45s· 6 players
Game mode
Random Map
Map size
Normal (6 player)
Population
200
Speed
Normal
Resources
Standard
Victory
Conquest
Starting age
Dark Age
Ending age
Imperial Age
RankedLock teamsTeams togetherTeam positionsShared explorationLock speedFull tech treeHidden civsTurbo modeCheats
Victory
Defeat
🇲🇽 Magyars · Mexico
1331
+8
🇲🇽 Ethiopians · Mexico
1084
+18
🇲🇽 Romans · Mexico
1018
+20
🇨🇴 Turks · Colombia
1167
-17
🇨🇴 Italians · Colombia
1121
-15
🇺🇸 Persians · United States
1093
-14
Ruler Bot
3:18 Loom
9:50 Feudal Age
10:31 Double-Bit Axe
10:41 Horse Collar
16:14 Padded Archer Armor
16:05 Fletching
X Saint
10:05 Feudal Age
13:09 Loom
19:24 Double-Bit Axe
micoelchico
12:05 Feudal Age
17:27 Castle Age
16:08 Loom
VL nightsyrc
5:27 Loom
11:31 Feudal Age
11:40 Man-at-Arms
13:38 Scale Mail Armor
19:39 Double-Bit Axe
19:36 Horse Collar
AlverthXIII
7:35 Loom
10:13 Feudal Age
11:51 Double-Bit Axe
16:11 Wheelbarrow
16:37 Fletching
18:37 Padded Archer Armor
HK | Jai Guru Deva
6:24 Loom
10:07 Feudal Age
11:21 Double-Bit Axe
15:14 Horse Collar
17:07 Wheelbarrow
17:45 Scale Barding Armor
18:32 Fletching
22:02 Castle Age
Connection lost

Rejoining the realm…

Still unreachable

The connection could not be restored.

Session expired

The server has moved on; the page needs a fresh start.